 Dungeon Crawl Stone Soup version 0.19.4-9-g45fd643 (webtiles) character file.

90 empire the Cudgeler (level 4, -1/35 HPs)
             Began as a Mummy Fighter on Feb 16, 2017.
             Killed by divine providence
             ... invoked by an orc priest
              (12 damage)
             ... on level 2 of the Dungeon.
             The game lasted 00:02:34 (1372 turns).

empire the Cudgeler (Mummy Fighter)                 Turns: 1372, Time: 00:02:34

Health: -1/35      AC:  6    Str: 20    XL:     4   Next: 32%
Magic:  4/4        EV:  7    Int:  7    God:
Gold:   90         SH:  8    Dex: 11    Spells: 0 memorised, 3 levels left

rFire  x . .     SeeInvis .     a - +0 flail
rCold  + . .     Gourm    .     b - +0 scale mail
rNeg   + + +     Faith    .     c - +0 shield
rPois  ∞         Spirit   .     (no helmet)
rElec  .         Reflect  .     (no cloak)
rCorr  .         Harm     .     (no gloves)
MR     .....                    (no boots)
Stlth  ..........               (no amulet)
                                (no ring)
                                (no ring)

@: no status effects
A: no food or potions, fire vulnerability, cold resistance 1, negative energy
resistance 3, torment resistance, unbreathing
a: no special abilities


You were on level 2 of the Dungeon.
You were not hungry.

You visited 1 branch of the dungeon, and saw 3 of its levels.

You collected 90 gold pieces.

Inventory:

Hand Weapons
 a - a +0 flail (weapon)
 i - a +1 spear of venom
Armour
 b - a +0 scale mail (worn)
 c - a +0 shield (worn)
Jewellery
 j - an uncursed ring of ice {unknown}
Scrolls
 d - 2 scrolls of identify {unknown}
 e - a scroll of enchant armour {unknown}
 f - a scroll of magic mapping {unknown}
 g - 3 scrolls of teleportation {unknown}
 h - a scroll of enchant weapon {unknown}


   Skills:
 - Level 3.0 Fighting
 * Level 3.8 Maces & Flails
 - Level 2.4 Armour
 - Level 2.4 Shields


You had 3 spell levels left.
You didn't know any spells.

Dungeon Overview and Level Annotations

Branches:
Dungeon (3/15)

Altars:


Innate Abilities, Weirdness & Mutations

You do not eat or drink.
Your flesh is vulnerable to fire.
You are immune to poison.
Your flesh is cold resistant. (rC+)
You are immune to negative energy. (rN+++)
You are immune to unholy pain and torment.
You can survive without breathing.


Message History

The orc is severely wounded.
The orc hits you but does no damage.
You hit the orc but do no damage.
The orc is severely wounded.
You block the orc's attack.
The orc priest calls down the wrath of Beogh upon you.
Beogh smites you!
You hit the orc but do no damage.
The orc is severely wounded.
You block the orc's attack. The orc priest closely misses you.
You climb upwards.
There is a stone staircase leading down here.
Your shield and scale mail prevent you from hitting the orc priest.
The orc hits you but does no damage. The orc priest closely misses you.
You hit the orc priest.
The orc priest is heavily wounded.
You block the orc's attack.
The orc priest mumbles some strange prayers to Beogh against you.
Beogh smites you!
You die...

#.# #.# ##.# ...## #######
######## #...# #.....#
#......# #.#.#
#.....###.####.#
#.#.########...........##.#
..#...%.........o###.#.##.#
######...##....o@# #.#.##.#
..#....#.##.##.### #......#
#.#.##.#.......# ###.####
#.#.##.####.#### #....#
#...##......##### #....#
#...#...........# #....#
#...#...........# ###.##
#.<.#.###.......# #.#
................# ####.####


You could see an orc priest and an orc.

Vanquished Creatures
  3 adders (D:2)
  An ooze (D:2)
  A worm (D:2)
  A dart slug (D:2)
  A leopard gecko (D:1)
  An orc (D:3)
  6 bats
  3 giant cockroaches (D:1)
  6 goblins
  6 hobgoblins
  6 jackals
  5 frilled lizards
  4 kobolds
  3 rats
47 creatures vanquished.

Notes
Turn   | Place    | Note
-------+----------+-------------------------------------------
     0 | D:1      | empire the Mummy Fighter began the quest for the Orb.
     0 | D:1      | Reached XP level 1. HP: 18/18 MP: 1/1
   118 | D:1      | Reached XP level 2. HP: 24/24 MP: 2/2
   469 | D:1      | Reached XP level 3. HP: 27/29 MP: 3/3
   977 | D:2      | Reached XP level 4. HP: 27/35 MP: 4/4
  1372 | D:2      | Killed from afar by an orc priest

Skill      XL: |  1  2  3 |
---------------+----------+-----
Maces & Flails | 2 3 |  3.8
Fighting       | |  3.0
Armour         | |  2.4
Shields        | |  2.4

Action                   |  1- 3 |  4- 6 || total
-------------------------+-------+-------++-------
Melee: Flail             |   112 |    43 ||   155
Armor: Scale mail        |    48 |    19 ||    67
Dodge: Dodged            |    42 |    14 ||    56
Block: Shield            |    59 |    18 ||    77
